 Dungeon Crawl Stone Soup version 0.16-a0-764-g7febf84 (webtiles) character file.

16 PolkaDot the Caller (level 2, -2/19 HPs)
             Began as a Vampire Summoner on Sept 24, 2014.
             Slain by a hobgoblin
             ... wielding a +0 club
              (4 damage)
             ... on Level 1 of the Dungeon.
             The game lasted 00:02:06 (886 turns).

PolkaDot the Caller (Vampire Summoner)               Turns: 886, Time: 00:02:07

HP  -2/19        AC  2     Str  7      XL: 2   Next: 41%
MP   2/4         EV 12     Int 17      God:
Gold 50          SH  0     Dex 14      Spells:  1 memorised,  4 levels left

rFire  . . .     SeeInvis +     g - -3 dagger (curse)
rCold  . . .     Clarity  .     a - +0 robe
rNeg   . . .     rCorr    .     (no shield)
rPois  .         rRot     .     (no helmet)
rElec  .         Spirit   .     (no cloak)
SustAb .         Warding  .     (no gloves)
rMut   .         Stasis   .     (no boots)
Gourm  .                        (no amulet)
MR     .....                    (no ring)
                                (no ring)

@: regenerating quickly, not resistant to hostile enchantments, unstealthy
A: fangs 3, see invisible, unbreathing
a: no special abilities


You were on level 1 of the Dungeon.
You were very full.

You visited 1 branch of the dungeon, and saw 1 of its levels.

You collected 50 gold pieces.

Inventory:

Hand weapons
 e - a +0 hand axe
 g - a cursed -3 dagger (weapon)
Armour
 a - a +0 robe (worn)
Scrolls
 f - a scroll of remove curse {unknown}
Potions
 d - a potion of haste {unknown}
Books
 b - a book of Callings

   Spells                             Type                      Level
   *Summon Small Mammal               Summoning                    1
   Call Imp                           Summoning                    2
   Call Canine Familiar               Summoning                    3
   Summon Guardian Golem              Hexes/Summoning              4
   Summon Lightning Spire             Summoning/Air                4
   Summon Ice Beast                   Ice/Summoning                4


   Skills:
 - Level 2.1 Dodging
 - Level 3.0 Stealth
 - Level 2.0 Spellcasting
 * Level 4.6 Summonings


You had 4 spell levels left.
You knew the following spells:

 Your Spells              Type           Power        Failure   Level  Hunger
a - Summon Small Mammal   Summ           ###.         2%          1    #......


Dungeon Overview and Level Annotations

Branches:
Dungeon (1/15)

Altars:


Innate Abilities, Weirdness & Mutations

Your natural rate of healing is unusually fast.
You have razor-sharp teeth.
You have supernaturally acute eyesight.
You can survive without breathing.


Message History

Your quokka barely misses the hobgoblin.
The hobgoblin closely misses you.
You closely miss the hobgoblin.
The hobgoblin is lightly wounded.
Your bat closely misses the hobgoblin.
Your quokka barely misses the hobgoblin.
The hobgoblin hits you with a club.
* * * LOW HITPOINT WARNING * * *
You hit the hobgoblin but do no damage.
The hobgoblin is lightly wounded.
Your bat barely misses the hobgoblin.
Your quokka barely misses the hobgoblin.
The hobgoblin hits you with a club.
* * * LOW HITPOINT WARNING * * *
Your quokka bites the hobgoblin but does no damage.
You hit the hobgoblin.
The hobgoblin is moderately wounded.
Your bat closely misses the hobgoblin.
Your bat hits the hobgoblin.
Your quokka bites the hobgoblin.
The hobgoblin hits you with a club.
You die...

# #.# #...............#
#..... # #.##
#....#.###......# #..### #
#..# #.####.# ########
#..### #####.###.# #.#
#..... #.###..##.####.###
##.... ...###.##......%.#
#)### ....##..#.##...#.#
#.###
.....##.#.##.###r##########
#.... .#........##.#
#@gb...........###
.......#..##.#
################
.#.#...#..##.#
..#....#..##.#
.#.#.#.#..##.#
....#.....##.#
.#.#.#.#..##.#
.........###.#
..####.#####.# ####


You could see a hobgoblin, a friendly quokka and a friendly bat.

Vanquished Creatures
  A bat (D:1)
  2 giant cockroaches (D:1)
  A goblin (D:1)
  A hobgoblin (D:1)
  2 kobolds (D:1)
  2 giant newts (D:1)
  3 rats (D:1)
12 creatures vanquished.

Vanquished Creatures (collateral kills)
  A giant gecko (D:1)
  A bat (D:1)
  A goblin (D:1)
  2 kobolds (D:1)
5 creatures vanquished.

Vanquished Creatures (others)
  A bat (D:1)
  A quokka (D:1)
2 creatures vanquished.

Grand Total: 19 creatures vanquished

Notes
Turn   | Place    | Note
--------------------------------------------------------------
     0 | D:1      | PolkaDot, the Vampire Summoner, began the quest for the Orb.
     0 | D:1      | Reached XP level 1. HP: 13/13 MP: 3/3
   423 | D:1      | Reached XP level 2. HP: 19/19 MP: 4/4
   886 | D:1      | Slain by a hobgoblin

Action                   || total
-------------------------++-------
Melee: Unarmed           ||    16
       Hand axe          ||    24
       Dagger            ||    24
 Cast: Summon Small Mamm ||    14
  Use: Potion            ||     1
 Stab: Sleeping          ||     3
  Eat: Corpse            ||     6
